 Dungeon Crawl Stone Soup version 0.17-a0-802-g1f09329 (webtiles) character file.

49 RobertPalmer the Bolt Thrower (level 4, 0/26 HPs)
             Began as a Kobold Hunter on Apr 26, 2015.
             Slain by a river rat (9 damage)
             ... on level 2 of the Dungeon.
             The game lasted 00:03:02 (1571 turns).

RobertPalmer the Bolt Thrower (Kobold Hunter)       Turns: 1571, Time: 00:03:02

Health: 0/26       AC:  3    Str: 15    XL:     4   Next: 2%
Magic:  4/4        EV: 15    Int: 10    God:
Gold:   133        SH:  0    Dex: 16    Spells: 0 memorised, 3 levels left

rFire  . . .     SeeInvis .     a - +0 short sword
rCold  . . .     Clarity  .     d - +0 leather armour
rNeg   . . .     SustAb   .     (shield restricted)
rPois  .         Gourm    .     (no helmet)
rElec  .         Spirit   .     (no cloak)
rCorr  .         Warding  .     (no gloves)
rMut   .         Stasis   .     (no boots)
MR     .....                    (no amulet)
Stlth  ++........               (no ring)
                                j - +5 ring of strength

@: not resistant to hostile enchantments, unstealthy
A: carnivore 3
a: no special abilities


You were on level 2 of the Dungeon.
You were full.

You visited 1 branch of the dungeon, and saw 2 of its levels.

You collected 133 gold pieces.

Inventory:

Hand weapons
 a - a +0 short sword (weapon)
 b - a +1 hand crossbow
Missiles
 c - 20 bolts
 f - a throwing net {=f, !d}
Armour
 d - a +0 leather armour (worn)
 k - a +1 pair of gloves
   (You found it on level 1 of the Dungeon)
Jewellery
 j - a +5 ring of strength (left hand)
   (You found it on level 1 of the Dungeon)
Scrolls
 e - a scroll of recharging
Comestibles
 i - a meat ration {@e2}


   Skills:
 - Level 2.1 Fighting
 + Level 4.3 Short Blades
 - Level 4.8 Crossbows
 - Level 2.4 Dodging
 - Level 1.3 Stealth


You had 3 spell levels left.
You didn't know any spells.

Dungeon Overview and Level Annotations

Branches:
Dungeon (2/15)

Altars:


Innate Abilities, Weirdness & Mutations

You are small and have problems with some larger weapons.
You are carnivorous and can eat meat at any time.


Message History

You hit the river rat but do no damage.
The river rat bites you but does no damage.
You closely miss the river rat. The river rat bites you!
You take 9 damage, and have 12/21 hp.
MASSIVE DAMAGE!!
You completely miss the river rat. The river rat bites you!
* * * LOW HITPOINT WARNING * * *
You take 7 damage, and have 5/21 hp.
MASSIVE DAMAGE!!
You hit the river rat but do no damage.
Unknown command.
Drink which item? (? for menu, Esc to quit)
It was a potion of restore abilities.
You feel refreshed. The river rat barely misses you.
Drink which item? (? for menu, Esc to quit)
It was a potion of heal wounds.
You feel much better. The river rat barely misses you.
Health restored: 21 You closely miss the river rat.
The river rat closely misses you.
You hit the river rat but do no damage. The river rat misses you.
You barely miss the river rat. The river rat bites you.
You take 5 damage, and have 16/21 hp.
MASSIVE DAMAGE!!
You aren't carrying any items that can be evoked.
Unknown command.
You aren't carrying any potions.
Unknown command.
You hit the river rat. The river rat bites you.
You take 3 damage, and have 13/21 hp.
You hit the river rat but do no damage. The river rat misses you.
You hit the river rat. The river rat bites you.
You take 5 damage, and have 8/21 hp.
MASSIVE DAMAGE!!
You closely miss the river rat. The river rat closely misses you.
You hit the river rat.
You kill the river rat!
You have reached level 4!
MP restored: 4 You start resting.
An adder comes into view.
You regained 2 hp, and now have 11/26 hp.
Unknown command.
You start resting.
Health restored: 26 Unknown command.
You now have 133 gold pieces (gained 7).
f - a throwing net {=f, !d} A river rat comes into view.
A river rat is nearby!
A river rat is nearby!
A river rat is nearby!
You hit the river rat but do no damage. The river rat barely misses you.
You hit the river rat but do no damage.
You aren't carrying any items that can be evoked.
You aren't carrying any potions.
Unknown command.
Read which item? (? for menu, Esc to quit)
As you read the scroll labeled FEGAGAMUKEC, it crumbles to dust.
It is a scroll of enchant armour.
Enchant which item? (? for menu, Esc to quit)
Your pair of gloves glows green for a moment.
The river rat misses you.
Read which item? (? for menu, Esc to quit)
As you read the scroll labeled TAPADY ROEF, it crumbles to dust.
The scroll dissolves into smoke.
It was a scroll of fog.
The river rat bites you!
You take 8 damage, and have 18/26 hp.
MASSIVE DAMAGE!!
Read which item? (? for menu, Esc to quit)
As you read the scroll labeled VYK ICWOVYU, it crumbles to dust.
You feel forgetful for a moment.
It was a scroll of amnesia.
The river rat completely misses you.
Read which item? (? for menu, Esc to quit)
As you read the scroll labeled XYMAAS DYLAIH, it crumbles to dust.
You assume a fearsome visage.
The river rat looks frightened!
It was a scroll of fear.
The river rat seems to regain its courage.
You see here a bat skeleton.
The river rat bites you but does no damage.
The river rat misses you.
The river rat twitches its whiskers.
There is an open door here.
A river rat is nearby!
There's nothing to close nearby.
Put on which piece of jewellery? (? for menu, Esc to quit)
You feel stronger.
j - a +5 ring of strength (left hand)
You hit the river rat. The river rat barely misses you.
You hit the river rat. The river rat bites you!
You take 7 damage, and have 16/26 hp.
MASSIVE DAMAGE!!
You closely miss the river rat. The river rat completely misses you.
You hit the river rat but do no damage. The river rat closely misses you.
You hit the river rat. The river rat bites you.
You take 6 damage, and have 10/26 hp.
MASSIVE DAMAGE!!
You barely miss the river rat. The river rat bites you.
You take 1 damage, and have 9/26 hp.
You barely miss the river rat. The river rat bites you!
You die...

###.##....##
#...##......
#...##[##.#.
#...##.#...รท
###.#######.
####'##....#.
#.....#.##...
#######.....#.##..#
#<@r........#.....#
#######.....###.###
#...[.#......
#.....#.#.###
#.....#.#.# #
#.....#.#.# #
#######.#.###
#.#.... #####.#####


You could see a river rat.

Vanquished Creatures
  A river rat (D:2)
  A worm (D:2)
  A giant gecko (D:1)
  4 giant cockroaches
  A goblin (D:1)
  5 hobgoblins (D:1)
  7 jackals (D:1)
  6 bats
  A giant newt (D:1)
  6 rats (D:1)
  A fungus (D:1)
34 creatures vanquished.

Notes
Turn   | Place    | Note
--------------------------------------------------------------
     0 | D:1      | RobertPalmer, the Kobold Hunter, began the quest for the Orb.
     0 | D:1      | Reached XP level 1. HP: 12/12 MP: 1/1
    27 | D:1      | Reached skill level 1 in Short Blades
    56 | D:1      | Reached skill level 2 in Short Blades
    56 | D:1      | Reached XP level 2. HP: 9/17 MP: 2/2
   570 | D:1      | Reached skill level 3 in Short Blades
   575 | D:1      | Reached XP level 3. HP: 18/21 MP: 3/3
  1146 | D:2      | Reached skill level 4 in Short Blades
  1265 | D:2      | HP: 5/21 [river rat (7)]
  1276 | D:2      | Reached XP level 4. HP: 9/26 MP: 4/4
  1571 | D:2      | Slain by a river rat

Action                   |  1- 3 |  4- 6 || total
-------------------------+-------+-------++-------
Melee: Short sword       |   160 |     9 ||   169
 Fire: Hand crossbow     |     2 |       ||     2
  Use: Scroll            |     2 |     4 ||     6
       Potion            |     2 |       ||     2
 Stab: Sleeping          |     3 |       ||     3
  Eat: Chunk             |     5 |       ||     5
       Meat ration       |     1 |       ||     1

Vault maps used:
D:1:      roderic_crossed_star, hangedman_glass_teeth, minmay_gold_behind_fungi
D:2:      wad_woods_tower, guppyfry_early_lair_pool, uniq_jessica

Table legend:
 A = Turns spent in this place as a percentage of turns spent in the entire game.
 B = Non-inter-level travel turns spent in this place as a percentage of non-inter-level travel turns spent in the entire game.
 C = Inter-level travel turns spent in this place as a percentage of turns spent in this place.
 D = Turns resting spent in this place as a percentage of non-inter-level travel turns spent in this place.
 E = Turns spent auto-exploring this place as a percentage of non-inter-level travel turns spent in this place.
 F = Non-inter-level travel turns spent in this place divided by the number of levels of this place that you've seen.
                   A       B       C       D       E      F
               +-------+-------+-------+-------+-------+----------------------
         Total | 100.0 | 100.0 |   0.2 |   1.1 |   8.4 | 281.0
       Dungeon | 100.0 | 100.0 |   0.2 |   1.1 |   8.4 | 281.0
               +-------+-------+-------+-------+-------+----------------------

Table legend:
 A = Kills in this place as a percentage of kills in entire the game.
 B = Kills by you in this place as a percentage of kills by you in the entire game.
 C = Kills by friends in this place as a percentage of kills by friends in the entire game.
 D = Other kills in this place as a percentage of other kills in the entire game.
 E = Experience gained in this place as a percentage of experience gained in the entire game.
 F = Experience gained in this place divided by the number of levels of this place that you have seen.
                   A       B       C       D       E      F
               +-------+-------+-------+-------+-------+----------------------
         Total | 100.0 | 100.0 |  -nan |  -nan | 100.0 |  35.5
       Dungeon | 100.0 | 100.0 |  -nan |  -nan | 100.0 |  35.5
               +-------+-------+-------+-------+-------+----------------------
